 Dungeon Crawl Stone Soup version 0.29.1-2-gbd0b4ee654 (webtiles) character file.

Game seed: 11165427311503833713

31211 unlimited1921 the Thaumaturge (level 13, -4/81 HPs)
             Began as a Djinni Fire Elementalist on Nov 12, 2022.
             Was an Elder of Fedhas.
             Shot with an arrow by a naga sharpshooter (20 damage)
             ... on level 1 of the Snake Pit.
             The game lasted 01:46:48 (23659 turns).

unlimited1921 the Thaumaturge (DjFE)               Turns: 23659, Time: 01:46:49

Health: -4/81      AC: 13    Str: 18    XL:     13   Next: 94%
Gold:   514        EV: 18    Int: 21    God:    Fedhas [****..] SH:  0 Dex: 17

rFire   + + +      SeeInvis .   t - +5 whip of Dim Light {spect, rElec Str+3 Dex+2}
rCold   . . .      Faith    .   F - orb {light}
rNeg    . . .      Spirit   .   I - +3 leather armour {Will+}
rPois   ∞          Reflect  .   m - +2 hat
rElec   +          Harm     .   r - +1 cloak of Focus {-Tele Contam Will+++ Str+8}
rCorr   .          Rampage  .   d - +1 pair of gloves "Qaifob" {rC+}
Will    +++++      NoTele   +   (boots unavailable)
Stlth   ++........              (no amulet)
HPRegen 0.23/turn               s - ring of protection from fire
MPRegen 0.00/turn               p - +4 ring of evasion

@: flying, glowing
A: sickness immunity, fire resistance 2, cold vulnerability 1, float, innate
caster, HP casting, extra vitality 1
a: Renounce Religion, Wall of Briars, Grow Ballistomycete, Overgrow


You were on level 1 of the Snake Pit.
You worshipped Fedhas.
Fedhas was greatly pleased with you.
You visited 4 branches of the dungeon, and saw 15 of its levels.

You collected 916 gold pieces.
You spent 402 gold pieces at shops.

Inventory:

Hand Weapons
 a - a +3 whip
 t - the +5 whip of Dim Light (weapon) {spect, rElec Str+3 Dex+2}
   (You found it on level 8 of the Dungeon)

   When its wielder attacks, the weapon's spirit leaps out and strikes again.
   The spirit shares a part of any damage it takes with its wielder.
   Str:       It affects your strength (+3).
   Dex:       It affects your dexterity (+2).
   rElec:     It insulates you from electricity.
 E - a +0 trident
 H - a +2 whip of freezing
 J - a +4 whip of flaming
 L - a +3 dagger of freezing
 M - a +4 long sword
 N - a +5 short sword
 U - a +2 dagger of venom
Missiles
 i - 8 silver javelins
 z - 25 poisoned darts
 D - a throwing net
Armour
 d - the +1 pair of gloves "Qaifob" (worn) {rC+}
   (You found it on level 1 of the Lair of Beasts)

   rC:        It protects you from cold.
 m - a +2 hat (worn)
 q - a +0 cloak
 r - the +1 cloak of Focus (worn) {-Tele Contam Will+++ Str+8}
   (You found it on level 3 of the Dungeon)

   Str:       It affects your strength (+8).
   -Tele:     It prevents most forms of teleportation.
   Contam:    It causes magical contamination when unequipped.
   Will:      It greatly increases your willpower.
 F - an orb of light (worn)
 I - a +3 leather armour of willpower (worn)
 O - +0 steam dragon scales
 S - the +1 leather armour of the Demonic God {Harm Int+3 SInv}
   (You found it on level 10 of the Dungeon)

   Int:       It affects your intelligence (+3).
   SInv:      It lets you see invisible.
   Harm:      It increases damage dealt and taken.
Jewellery
 p - a +4 ring of evasion (right hand)
 s - a ring of protection from fire (left hand)
 A - a ring of wizardry
 K - a ring of resist corrosion
 W - a ring of positive energy
Wands
 x - a wand of roots (8)
 Q - a wand of flame (4) (quivered)
 V - a wand of charming (7)
Scrolls
 e - 5 scrolls of teleportation
 f - 2 scrolls of acquirement {unknown}
 g - 6 scrolls of blinking
 h - 2 scrolls of summoning {unknown}
 j - a scroll of enchant armour
 n - 3 scrolls of poison {unknown}
 u - 3 scrolls of fog
 y - 3 scrolls of magic mapping
 C - 5 scrolls of immolation
 P - a scroll of brand weapon
 R - a scroll of fear
Potions
 b - 4 potions of curing
 c - 4 potions of might
 k - 2 potions of invisibility
 l - 5 potions of lignification
 o - 2 potions of cancellation {unknown}
 v - 3 potions of flight {unknown}
 w - a potion of heal wounds {unknown}
 B - 6 potions of brilliance
 G - a potion of haste
 T - a potion of magic {unknown}


   Skills:
 + Level 3.0 Fighting
 + Level 1.1 Short Blades
 + Level 1.7 Maces & Flails
 + Level 1.2 Polearms
 + Level 4.6 Armour
 + Level 5.3 Dodging
 + Level 5.9 Stealth
 + Level 14.9 Spellcasting
 * Level 6.4 Invocations
 + Level 2.3 Evocations


You had 9 spell levels left.
You knew the following spells:

 Your Spells              Type           Power      Damage    Failure   Level
a - Foxfire               Conj/Fire      100%       2x1d9     0%          1
b - Scorch                Fire           100%       2d10      0%          2
c - Conjure Flame         Conj/Fire      68%        6-21      1%          3
d - Inner Flame           Hex/Fire       68%        N/A       1%          3
e - Flame Wave            Conj/Fire      68%        2d15      1%          4
f - Slow                  Hex            100%       N/A       0%          1
g - Blink                 Tloc           100%       N/A       0%          2
h - Teleport Other        Tloc           68%        N/A       1%          3
i - Cause Fear            Hex            34%        N/A       1%          4
j - Iskenderun's Mystic   Conj/Tloc      68%        2d14      1%          4
k - Borgnjor's Vile Clut  Necr/Erth      34%        N/A       1%          5
Your spell library was empty.

Dungeon Overview and Level Annotations

Branches:
Dungeon (10/15)            Temple (1/1) D:7            Lair (3/5) D:10
 Shoals (0/4) Lair:3        Snake (1/4) Lair:3
    Orc: D:9-12

Altars:
Ashenzari
Cheibriados
Dithmenos
Elyvilon
Fedhas
Gozag
Hepliaklqana
Makhleb
Nemelex Xobeh
Okawaru
Qazlal
Ru
Trog
Uskayaw
Wu Jian
Xom
Yredelemnul
Zin
The Shining One

Shops:
D:5 *   D:6 [   D:7 *[=


Innate Abilities, Weirdness & Mutations

You are immune to sickness and miasma.
You are immune to poison.
Your flesh is very heat resistant. (rF++)
You are vulnerable to cold. (rC-)
You float through the air rather than walking.
You learn spells naturally, not from books.
Your magical power is your life essence.
You have superior vitality. (+4 MHP)


Message History

The arrow hits you!
* * * LOW HITPOINT WARNING * * *
Casting: Foxfire (safe; 0% risk of failure)
Confirm with . or Enter, or press ? or * to list all spells.
Aiming: Borgnjor's Vile Clutch (mildly dangerous; 1% risk of failure)
Press: ? - help, Shift-Dir - straight line, f/p - naga sharpshooter
Aim: a naga sharpshooter, wielding a +0 longbow (moderately wounded, ally target, 100% to hit)
Your foxfire is unaffected.
Zombie hands grab the naga sharpshooter.
* * * LOW HITPOINT WARNING * * *
The zombie hands constrict the naga sharpshooter!
The zombie hands lose their grip on the naga sharpshooter.
The foxfire hits the naga sharpshooter.
The naga sharpshooter is heavily wounded.
The foxfire hits the naga sharpshooter.
The naga sharpshooter is heavily wounded.
The foxfire hits the naga sharpshooter but does no damage.
The naga sharpshooter is heavily wounded.
You feel better.
Your foxfire dissipates!
The foxfire hits the naga sharpshooter.
The naga sharpshooter is severely wounded.
Casting: Borgnjor's Vile Clutch (mildly dangerous; 1% risk of failure)
Confirm with . or Enter, or press ? or * to list all spells.
Aiming: Borgnjor's Vile Clutch (mildly dangerous; 1% risk of failure)
Press: ? - help, Shift-Dir - straight line, f/p - naga sharpshooter
Aim: a naga sharpshooter, wielding a +0 longbow (severely wounded, 100% to hit)
Zombie hands grab the naga sharpshooter.
* * * LOW HITPOINT WARNING * * *
The zombie hands constrict the naga sharpshooter.
Casting: Borgnjor's Vile Clutch (mildly dangerous; 1% risk of failure)
Confirm with . or Enter, or press ? or * to list all spells.
You conjure some foxfire!
* * * LOW HITPOINT WARNING * * *
The zombie hands constrict the naga sharpshooter!
The naga sharpshooter mumbles some strange words.
The naga sharpshooter magically shoots an arrow.
The arrow hits you!!
You die...
Fedhas appreciates your contribution to the ecosystem.

####......#♣$.8.8 ⌠::
#......#..#N.#### ##'####'
#...##.#..#..# .. ####...#8..
#...#.....#8.....###..... ....
##.###...)#..##......##.##.##.
###.# ##.).#?$.# . ....... ....
#...# #...# $... #N#N#N# #.#.
#...####...####################
###...##........@v...N...........
#.....##........v................
#.....##...###.###########...####
#.....########.###########.......
####...............†.........####
###########...................
###########...###### #####


You could see a naga sharpshooter (clutched, ally target).

Vanquished Creatures
  2 hydras (Lair:2)
  2 naga warriors (Snake:1)
  A boulder beetle (D:8)
  3 anacondas
  6 death yaks (Lair:3)
  A shock serpent (Snake:1)
  A naga sharpshooter (Snake:1)
  Pikel (D:7)
  A lindwurm (D:8)
  2 manticores (Lair:3)
  3 black mambas
  A torpor snail (Lair:3)
  2 unseen horrors
  5 cane toads
  2 kobold demonologists (D:10)
  A rime drake (Lair:3)
  2 komodo dragons
  4 polar bears
  2 hornets (Lair:3)
  A wind drake (Lair:3)
  18 blink frogs
  A jumping spider (D:8)
  4 wyverns
  20 yaks
  2 wraiths
  A basilisk (Lair:2)
  4 steam dragons
  A redback (D:8)
  Menkaure (D:4)
  2 nagas
  11 water moccasins
  2 ice beasts
  An orc warrior (D:10)
  A sky beast (D:7)
  6 wolves
  4 black bears
  2 ogres
  5 centaurs
  2 lemures (D:7)
  4 kobold brigands
  16 bullfrogs
  5 scorpions
  A necrophage (D:6)
  6 wights (D:8)
  3 killer bees (D:8)
  2 electric eels (Lair:3)
  2 lava snakes (D:8)
  3 howler monkeys (D:9)
  A crimson imp (D:3)
  A gnoll bouda (D:7)
  2 orc priests
  4 hounds
  A jelly (D:4)
  2 iguanas (D:5)
  7 orc wizards
  2 hell rats (Lair:3)
  2 adders (D:2)
  7 gnolls
  3 white imps
  An ufetubus (D:6)
  3 worms
  2 dart slugs
  6 orcs
  7 ball pythons
  6 bats
  13 endoplasms
  10 giant cockroaches
  13 goblins
  7 hobgoblins
  15 jackals
  5 quokkas
  2 frilled lizards (D:2)
  9 kobolds
  7 rats
311 creatures vanquished.

Vanquished Creatures (others)
  779 foxfires
  70 fungi
  72 plants
921 creatures vanquished.

Grand Total: 1232 creatures vanquished

Notes
Turn   | Place    | Note
-------+----------+-------------------------------------------
     0 | D:1      | unlimited1921 the Djinni Fire Elementalist began the quest
                  | for the Orb.
     0 | D:1      | unlimited1921 set off with the following spells memorised:
                  | Foxfire, Scorch, Conjure Flame, Inner Flame, Flame Wave.
     0 | D:1      | Reached XP level 1. HP: 15/15 MP: 0/0
     1 | D:1      | Found a runed translucent door.
   300 | D:1      | Reached XP level 2. HP: 21/21 MP: 0/0
   707 | D:1      | Reached skill level 3 in Spellcasting
  1062 | D:1      | Reached XP level 3. HP: 23/25 MP: 0/0
  1062 | D:1      | Learned a level 1 spell: Slow
  2814 | D:2      | Reached XP level 4. HP: 24/31 MP: 0/0
  3421 | D:2      | Found a faded altar of an unknown god.
  4295 | D:3      | Identified the +1 cloak of Focus {-Tele Contam Will+++
                  | Str+8}
  4881 | D:3      | Found a burning altar of Makhleb.
  5446 | D:3      | Reached XP level 5. HP: 32/35 MP: 0/0
  5446 | D:3      | Learned a level 2 spell: Blink
  5949 | D:4      | Noticed an ogre
  5964 | D:4      | Killed an ogre
  5965 | D:4      | Reached skill level 4 in Spellcasting
  5965 | D:4      | Reached XP level 6. HP: 41/41 MP: 0/0
  5971 | D:4      | Noticed Menkaure
  5975 | D:4      | Killed Menkaure
  5976 | D:4      | Reached XP level 7. HP: 38/46 MP: 0/0
  5976 | D:4      | Learned a level 3 spell: Teleport Other
  6147 | D:4      | Reached skill level 1 in Evocations
  6335 | D:4      | Reached skill level 5 in Spellcasting
  6452 | D:4      | Reached skill level 1 in Short Blades
  6568 | D:4      | Found a glowing golden altar of the Shining One.
  6672 | D:4      | Reached skill level 1 in Fighting
  7084 | D:5      | Entered Level 5 of the Dungeon
  7106 | D:5      | Found Houpney's Overcharged Wands.
  7243 | D:5      | Found a stormy altar of Qazlal.
  7243 | D:5      | Found a sacrificial altar of Ru.
  7244 | D:5      | Found a sparkling altar of Nemelex Xobeh.
  7253 | D:5      | Reached XP level 8. HP: 47/52 MP: 0/0
  7692 | D:6      | Found an iron altar of Okawaru.
  7764 | D:6      | Reached skill level 6 in Spellcasting
  8370 | D:6      | Found Vidov's Armour Shop.
  9056 | D:5      | Reached skill level 1 in Armour
  9056 | D:5      | Reached skill level 7 in Spellcasting
  9201 | D:5      | Reached XP level 9. HP: 52/57 MP: 0/0
  9201 | D:5      | Learned a level 4 spell: Cause Fear
  9580 | D:7      | Noticed Pikel
  9591 | D:7      | Killed Pikel
  9817 | D:7      | Found Arebih's General Store.
  9865 | D:7      | Found a staircase to the Ecumenical Temple.
  9875 | D:7      | Bought a scroll of identify for 24 gold pieces
  9879 | D:7      | Bought a scroll of blinking for 90 gold pieces
  9879 | D:7      | Bought a +3 leather armour of willpower for 288 gold pieces
  9935 | D:7      | Reached skill level 8 in Spellcasting
 10098 | Temple   | Entered the Ecumenical Temple
 10137 | Temple   | Became a worshipper of Fedhas Madash
 10233 | D:7      | Found Sosmulog's Antique Armour Emporium.
 10496 | D:7      | Reached skill level 9 in Spellcasting
 10496 | D:7      | Reached XP level 10. HP: 52/62 MP: 0/0
 10674 | D:7      | Found Dofu's Jewellery Emporium.
 11149 | D:8      | Identified the +5 whip of Dim Light {spect, rElec Str+3
                  | Dex+2}
 11254 | D:8      | Found a runed translucent door.
 11381 | D:8      | Found a runed translucent gate.
 11382 | D:8      | Noticed a boulder beetle
 11384 | D:8      | Found a runed translucent gate.
 11386 | D:8      | Found a runed translucent gate.
 11386 | D:8      | Found a runed translucent gate.
 11386 | D:8      | Found a runed translucent gate.
 11387 | D:8      | Noticed a lindwurm
 11388 | D:8      | Found a runed translucent gate.
 11572 | D:8      | Killed a lindwurm
 11573 | D:8      | Reached skill level 10 in Spellcasting
 11641 | D:8      | Reached * piety under Fedhas
 11972 | D:8      | Killed a boulder beetle
 12969 | D:8      | Found a white marble altar of Elyvilon.
 13210 | D:9      | Reached XP level 11. HP: 57/68 MP: 0/0
 13210 | D:9      | Learned a level 4 spell: Iskenderun's Mystic Blast
 13218 | D:9      | Reached skill level 11 in Spellcasting
 13459 | D:9      | You are sucked into a shaft and drop 1 floor!
 13459 | D:10     | Entered Level 10 of the Dungeon
 13504 | D:10     | Reached ** piety under Fedhas
 13508 | D:10     | Noticed a sun demon
 14788 | D:9      | Reached skill level 12 in Spellcasting
 16031 | D:1      | Reached *** piety under Fedhas
 16604 | D:10     | Reached skill level 1 in Invocations
 16762 | D:10     | Found a staircase to the Lair.
 16786 | D:10     | Identified the +1 leather armour of the Demonic God {Harm
                  | Int+3 SInv}
 17067 | Lair:1   | Entered Level 1 of the Lair of Beasts
 17281 | Lair:1   | Reached XP level 12. HP: 29/74 MP: 0/0
 17873 | Lair:1   | Identified the +1 pair of gloves "Qaifob" {rC+}
 18275 | Lair:2   | Noticed a five-headed hydra
 18285 | Lair:2   | Killed a five-headed hydra
 18286 | Lair:2   | Reached skill level 13 in Spellcasting
 18423 | Lair:2   | Reached skill level 1 in Maces & Flails
 18708 | Lair:2   | Reached skill level 5 in Stealth
 18870 | Lair:2   | Noticed an eight-headed hydra
 18882 | Lair:2   | Killed an eight-headed hydra
 19744 | Lair:3   | Reached **** piety under Fedhas
 20253 | Lair:3   | Found a staircase to the Snake Pit.
 20353 | Lair:3   | Reached XP level 13. HP: 41/79 MP: 0/0
 20353 | Lair:3   | Learned a level 5 spell: Borgnjor's Vile Clutch
 20535 | Lair:3   | Found a staircase to the Shoals.
 20625 | Lair:3   | Reached skill level 5 in Dodging
 21099 | Lair:3   | Noticed an anaconda
 21103 | Lair:3   | Killed an anaconda
 21104 | Lair:3   | Reached skill level 14 in Spellcasting
 21215 | Lair:3   | Reached skill level 5 in Invocations
 21740 | Lair:3   | Noticed an anaconda
 21743 | Lair:3   | Killed an anaconda
 23009 | Snake:1  | Entered Level 1 of the Snake Pit
 23009 | Snake:1  | Noticed a salamander tyrant
 23012 | Snake:1  | Noticed a nagaraja
 23015 | Snake:1  | Noticed an anaconda
 23021 | Snake:1  | Killed an anaconda
 23022 | Snake:1  | Reached skill level 1 in Polearms
 23659 | Snake:1  | Shot with an arrow by a naga sharpshooter

Illustrated notes

Levels and vault maps discovered:
D:1:      dpeg_arrival_caged_fury, layout_loops_corners, minmay_tromino_v4_c
D:2:      cheibrodos_old_hovel, layout_basic,
          chequers_ecumenical_altar_simple_redux
D:3:      layout_loops_corners, grunt_temple_overflow_lords_of_destruction,
          kennysheep_generic_room_7
D:4:      layout_basic, nicolae_tso_swordbearing_angel, portal_sewer_entry_f,
          uniq_menkaure
D:5:      layout_basic, chequers_temple_overflow_statue_of_worship,
          minmay_misc_feat_diagonals, nicolae_shop_overcharged_wands
D:6:      layout_loops_ring, lemuel_crystal_altar, nicolae_take_the_stairs
D:7:      layout_gridville, minmay_temple_entry_arrows, serial_shops, shop,
          nicolae_shop_trees, nicolae_shop_window_shopping, uniq_pikel
D:8:      gammafunk_indiana_jones, layout_rooms, kennysheep_little_box,
          enter_bailey_3, kennysheep_potato
D:9:      layout_basic, grunt_ministairs_13
D:10:     layout_long_grid, due_lair_maze_entry_diamond, kennysheep_nondescript
Temple:   jpeg_temple_clearing
Lair:1:   layout_concentric_octagons
Lair:2:   layout_gridlike
Lair:3:   layout_long_grid, minmay_shoals_entry_beasts,
          guppyfry_snake_entry_island, nicolae_lair_lakeside_cave,
          serial_bayou_shore_b, serial_bayou_shore_a
Snake:1:  gammafunk_sealed_library, layout_misc_corridors, grunt_megastairs_5,
          minmay_shoptagon

Skill      XL: |  1  2  3  4  5  6  7  8  9 10 11 12 13 |
---------------+----------------------------------------+-----
Spellcasting   | 3 4 5 7 9 10 12 13 14 | 14.9
Stealth        | 2 3 4 5 |  5.9
Dodging        | 3 4 5 |  5.3
Evocations     | 1 2 |  2.3
Short Blades   | 1 |  1.1
Fighting       | 1 2 3 |  3.0
Armour         | 1 3 4 |  4.6
Invocations    | 1 4 6 |  6.4
Maces & Flails | 1 |  1.7
Polearms       | 1 |  1.2

Action                   |  1- 3 |  4- 6 |  7- 9 | 10-12 | 13-15 || total
-------------------------+-------+-------+-------+-------+-------++-------
Melee: Dagger            |       |    61 |       |       |       ||    61
       Spear             |       |    10 |       |       |       ||    10
       Whip              |       |       |       |    34 |     4 ||    38
       Trident           |       |       |       |       |    11 ||    11
 Cast: Foxfire           |    61 |    69 |    77 |   218 |    41 ||   466
       Scorch            |     2 |    14 |    33 |    95 |    12 ||   156
       Slow              |       |     2 |       |       |       ||     2
       Teleport Other    |       |       |     2 |     1 |       ||     3
       Inner Flame       |       |       |    34 |    95 |    22 ||   151
       Cause Fear        |       |       |     1 |     1 |     2 ||     4
       Iskenderun's Myst |       |       |       |     4 |       ||     4
       Flame Wave        |       |       |       |     6 |     2 ||     8
       Conjure Flame     |       |       |       |     1 |       ||     1
       Borgnjor's Vile C |       |       |       |       |    47 ||    47
Invok: Wall of Briars    |       |       |       |     2 |     1 ||     3
Evoke: Wand              |       |     8 |     3 |     1 |     1 ||    13
  Use: Scroll            |       |       |    12 |     1 |     2 ||    15
       Potion            |       |       |     1 |     2 |     4 ||     7
 Stab: Distracted        |       |       |       |     1 |       ||     1
Armor: Robe              |     3 |    14 |     8 |       |       ||    25
       Leather armour    |       |       |     2 |    29 |     8 ||    39
Dodge: Dodged            |    11 |    53 |    30 |    84 |    32 ||   210
